 Dungeon Crawl Stone Soup version 0.30-a0-469-g84de5afbc5 (webtiles) character file.

Game seed: 10343078936123950313

37 tilp the Covered (level 3, -5/31 HPs)
             Began as a Meteoran Fighter on Dec 19, 2022.
             Slain by Grinder (6 damage)
             ... on level 3 of the Dungeon.
             The game lasted 00:02:05 (455 turns).

tilp the Covered (Meteoran Fighter)                  Turns: 455, Time: 00:02:06

Health: -5/31      AC:  7    Str: 17    XL:     3   Next: 88%
Magic:  4/4        EV: 10    Int: 10    God:
Gold:   63         SH:  5    Dex: 15    Spells: 2/2 levels left

rFire   + . .      SeeInvis .    a - +0 long sword
rCold   + . .      Faith    .    c - +0 buckler
rNeg    . . .      Spirit   .    b - +0 scale mail
rPois   .          Reflect  .    (no helmet)
rElec   .          Harm     .    f - scarf {rC+ rF+}
rCorr   .          Rampage  .    (no gloves)
Will    .....                    (no boots)
Stlth   ..........               (no amulet)
HPRegen 0.25/turn                (no ring)
MPRegen 0.09/turn                (no ring)

@: mighty, glowing
A: sense surroundings 1, otherworldly, glowing, explore regen
a: no special abilities


You were on level 3 of the Dungeon.
You visited 1 branch of the dungeon, and saw 3 of its levels.

You collected 63 gold pieces.

Inventory:

Hand Weapons
 a - a +0 long sword (weapon)
Armour
 b - a +0 scale mail (worn)
 c - a +0 buckler (worn)
 f - a scarf of resistance (worn)
Scrolls
 g - a scroll of noise {unknown}
 h - a scroll of acquirement {unknown}
 i - 2 scrolls of teleportation {unknown}
 j - a scroll of enchant weapon {unknown}
 k - a scroll of summoning {unknown}
 l - 2 scrolls of identify {unknown}
Potions
 e - a potion of degeneration {unknown}
 m - a potion of lignification {unknown}


   Skills:
 + Level 3.5 Fighting
 + Level 2.6 Long Blades
 + Level 3.9 Armour
 * Level 2.0 Dodging
 + Level 0.5 Stealth
 + Level 3.8 Shields


You had 2 spell levels left.
You didn't know any spells.
Your spell library was empty.

Dungeon Overview and Level Annotations

Branches:
Dungeon (3/15) Zot: 1319

Altars:

Annotations:
D:3 Grinder


Innate Abilities, Weirdness & Mutations

You passively map a small area around you.
You are easily found by Zot.
You glow in the dark.
You regain HP and MP as you explore.


Message History

The goblin hits you but does no damage.
You closely miss the goblin. The goblin hits you but does no damage.
You hit the goblin.
The goblin is heavily wounded.
The goblin hits you but does no damage.
You slash the goblin!
You kill the goblin!
Your Dodging skill increases to level 2!
You see here a +0 dagger.
Grinder shouts!
You feel very mighty all of a sudden.
Grinder drinks a potion.
Grinder seems to speed up.
Grinder hits you.
You writhe in agony.
You closely miss Grinder. Grinder hits you but does no damage.
Grinder barely misses you.
You slash Grinder!
Grinder is moderately wounded.
Grinder hits you.
You writhe in agony.
Grinder hits you.
* * * LOW HITPOINT WARNING * * *
You writhe in agony.
* * * LOW HITPOINT WARNING * * *
You slash Grinder!
Grinder is heavily wounded.
Grinder closely misses you. x2
You hit Grinder.
Grinder is severely wounded.
You block Grinder's attack. Grinder gestures at you.
You resist with significant effort.
You hit Grinder.
Grinder is severely wounded.
Grinder hits you but does no damage. Grinder hits you.
* * * LOW HITPOINT WARNING * * *
You writhe in agony.
* * * LOW HITPOINT WARNING * * *
Unknown command.
You slash Grinder!
Grinder is almost dead.
Grinder hits you.
You die...

#.......... * *
#.)........ ** , * ,
#..........* , ,
#<.........## ,, * , *
##########..#####.. , ,
#....... , #####...#*
## *
#######.......#####...#
........#####...@5....#
######### ######....#
...# ###


You could see Grinder (fast).

Vanquished Creatures
  A worm (D:3)
  A dart slug (D:1)
  4 bats
  An endoplasm (D:2)
  3 giant cockroaches
  3 hobgoblins
  4 jackals
  3 ball pythons
  7 goblins
  A rat (D:1)
28 creatures vanquished.

Notes
Turn   | Place    | Note
-------+----------+-------------------------------------------
     0 | D:1      | tilp the Meteoran Fighter began the quest for the Orb.
     0 | D:1      | Reached XP level 1. HP: 19/19 MP: 2/2
    66 | D:1      | Reached XP level 2. HP: 26/26 MP: 3/3
   119 | D:3      | Noticed Grinder
   198 | D:1      | Reached skill level 1 in Dodging
   204 | D:1      | Reached XP level 3. HP: 26/31 MP: 4/4
   454 | D:3      | HP: 1/31 [Grinder (5)]
   455 | D:3      | Slain by Grinder

Illustrated notes

Levels and vault maps discovered:
D:1:      onia_arrival_pyramid, layout_loops_ring
D:2:      layout_basic, basic_altar
D:3:      layout_rooms, uniq_grinder, uniq_terence

Skill      XL: |  1  2  3 |
---------------+----------+-----
Dodging        | 1 2 |  2.0
Fighting       | |  3.5
Long Blades    | |  2.6
Armour         | |  3.9
Stealth        | |  0.5
Shields        | |  3.8

Action                   || total
-------------------------++-------
Melee: Long sword        ||    72
  Use: Potion            ||     1
Armor: Scale mail        ||    59
Dodge: Dodged            ||    40
Block: Buckler           ||    28

Table legend: (Time is in decaauts)
 A = Elapsed time spent in this place.
 B = Non-inter-level travel time spent in this place.
 C = Inter-level travel time spent in this place.
 D = Time resting spent in this place.
 E = Time spent auto-exploring this place.
 F = Levels seen in this place.
 G = Mean time per level.
                   A        B        C        D        E       F      G
               +--------+--------+--------+--------+--------+-----+--------+
         Total |    479 |    479 |      0 |      0 |      0 |   3 |  159.7 |
       Dungeon |    479 |    479 |      0 |      0 |      0 |   3 |  159.7 |
               +--------+--------+--------+--------+--------+-----+--------+

Top non-repeatable levels by time:
     D:2: 237 daAuts
     D:1: 126 daAuts
     D:3: 115 daAuts
